 Dungeon Crawl Stone Soup version 0.27-a0-972-gd1521fd518 (webtiles) character file.

Game seed: 3892447624500997026

627 polve the Cutter (level 7, 0/52 HPs)
             Began as a Demonspawn Abyssal Knight on Apr 13, 2021.
             Was a Believer of Lugonu.
             Shot with a stone by a goblin (2 damage)
             ... led by Robin
             ... on level 4 of the Dungeon.
             The game lasted 00:05:18 (5505 turns).

polve the Cutter (Demonspawn Abyssal Knight)        Turns: 5505, Time: 00:05:19

Health: 0/52       AC:  7    Str: 14    XL:     7   Next: 23%
Magic:  8/8        EV: 10    Int: 13    God:    Lugonu [**....]
Gold:   311        SH:  0    Dex: 13    Spells: 6/6 levels left

rFire    + . .     SeeInvis +   a - +1 short sword
rCold    + . .     Faith    .   (no shield)
rNeg     . . .     Spirit   .   l - +0 ring mail
rPois    +         Reflect  .   (no helmet)
rElec    +         Harm     .   (no cloak)
rCorr    +         Rampage  .   (no gloves)
Will     .....     Clarity  +   (no boots)
Stlth    +.........             h - amulet of the acrobat
HPRegen  0.17/turn              n - ring of see invisible
MPRegen  0.11/turn              c - ring of resist corrosion

@: mighty, brilliant, resistant, flying
A: yellow scales 1, ignite blood 1, demonic magic 1, clarity, electricity
resistance
a: Renounce Religion, Depart the Abyss, Bend Space


You were on level 4 of the Dungeon.
You worshipped Lugonu.
Lugonu was pleased with you.
You visited 1 branch of the dungeon, and saw 4 of its levels.
You visited the Abyss 1 time.

You collected 311 gold pieces.

Inventory:

Hand Weapons
 a - a +1 short sword (weapon)
Armour
 b - a +0 leather armour
 l - a +0 ring mail (worn)
Jewellery
 c - a ring of resist corrosion (right hand)
 h - an amulet of the acrobat (around neck)
 n - a ring of see invisible (left hand)
 t - an amulet of faith
 u - a ring of protection from cold
Wands
 f - a wand of paralysis (5)
Scrolls
 d - 3 scrolls of identify {unknown}
 e - a scroll of magic mapping {unknown}
 i - a scroll of amnesia {unknown}
 o - a scroll of noise {unknown}
 q - a scroll of enchant armour {unknown}
 v - a scroll of enchant weapon {unknown}
 w - a scroll of teleportation {unknown}
Potions
 m - a potion of haste
 p - a potion of mutation


   Skills:
 - Level 3.0 Fighting
 + Level 7.4 Short Blades
 - Level 1.7 Armour
 - Level 0.8 Dodging
 - Level 2.4 Invocations


You had 6 spell levels left.
You didn't know any spells.
Your spell library contained the following spells:

 Spells                   Type           Power      Damage    Failure   Level
 Magic Dart               Conj           0%         1d3       52%         1
 Blink                    Tloc           N/A        N/A       67%         2
 Call Imp                 Summ           0%         N/A       67%         2
 Slow                     Hex            0%         N/A       67%         2
 Confusing Touch          Hex            0%         N/A       88%         3
 Conjure Flame            Conj/Fire      0%         6-21      88%         3
 Gell's Gravitas          Tloc           0%         N/A       88%         3
 Mephitic Cloud           Conj/Pois/Air  0%         N/A       88%         3
 Petrify                  Tmut/Erth      0%         N/A       99%         4
 Metabolic Englaciation   Hex/Ice        0%         N/A       100%        5
 Yara's Violent Unravell  Hex/Tmut       0%         3d3       100%        5


Dungeon Overview and Level Annotations

Branches:
Dungeon (4/15)
 Temple: D:4-7

Altars:
Ashenzari
Gozag
Kikubaaqudgha
Okawaru
Uskayaw

Annotations:
D:4 Robin


Innate Abilities, Weirdness & Mutations

You are partially covered in yellow scales. (AC +2)
Your demonic aura sometimes causes spilled blood to erupt in flames Spells you cast may paralyse adjacent enemies.
You possess an exceptional clarity of mind.
You are resistant to electric shocks. (rElec)


Message History

It was a potion of resistance.
You feel protected.
The crimson imp summons a swarm of flies.
Natasha claws you but does no damage.
The crimson imp blinks!
It was a potion of curing.
You feel better. Natasha completely misses you.
Natasha claws you but does no damage.
It was a potion of brilliance.
You feel clever all of a sudden.
You feel yourself speed up. Natasha claws you but does no damage.
You hit Natasha.
Natasha is lightly wounded.
Natasha closely misses you.
You hit Natasha but do no damage.
Natasha is lightly wounded.
Natasha closely misses you.
You hit Natasha.
Natasha is moderately wounded.
The crimson imp blinks!
Natasha claws you!
* * * LOW HITPOINT WARNING * * *
It was a potion of might.
You feel very mighty all of a sudden.
Natasha extends her claws.
Natasha claws you.
* * * LOW HITPOINT WARNING * * *
It was a potion of flight.
You feel very buoyant.
You fly up into the air.
Natasha claws you.
* * * LOW HITPOINT WARNING * * *
You hit Natasha but do no damage.
Natasha is moderately wounded.
You closely miss Natasha.
Natasha is moderately wounded.
The crimson imp disappears in a puff of smoke!
Natasha claws you but does no damage.
You puncture Natasha!
You kill Natasha!
Lugonu accepts your kill.
You feel Natasha's spirit has finally been put to rest.
The goblin shoots a stone.
The stone hits you.
You die...

#....##.##.g..#.##.....[#.#.#
##...8...#._..#.##.#.#.......
#.......#....#.##..#.......#
##......#)5..#.##.#.>...#.##
#..8...#._..#.##.##.#......
#..##.##....#..............
#...####⌠.⌠.#[.####.#.#####
#....###g####..# #.#.#####
#......§g○@....# #......##
#.....#####....# ###.##.##
####### ###### ##....h..
##...#..## #>........
##...##.#. ##..#.##. #..##.#.
#..#.##.


You could see 2 goblins.

Vanquished Creatures
  2 black bears
  An ogre (D:4)
  A phantom (D:4)
  A water moccasin skeleton (D:4)
  A hound (D:4)
  An iguana (D:4)
  Natasha (thrice) (D:4)
  2 adders
  4 gnolls
  A worm (D:2)
  An orc (D:4)
  6 endoplasms
  5 giant cockroaches
  10 hobgoblins
  6 kobolds
  5 quokkas
  9 ball pythons
  5 bats
  A frilled lizard (D:1)
  13 goblins
  4 rats
82 creatures vanquished.

Notes
Turn   | Place    | Note
-------+----------+-------------------------------------------
     0 | Abyss:1  | polve the Demonspawn Abyssal Knight began the quest for the
                  | Orb.
     0 | Abyss:1  | Reached XP level 1. HP: 18/18 MP: 2/2
   167 | Abyss:1  | Noticed a chaos spawn
   223 | Abyss:1  | Noticed a tentacled starspawn
   227 | Abyss:1  | Noticed a small abomination
   241 | D:1      | Escaped the Abyss
   427 | D:1      | Reached skill level 2 in Short Blades
   662 | D:1      | Reached * piety under Lugonu
   670 | D:1      | Gained mutation: You are partially covered in yellow
                  | scales. (AC +2) [demonic ancestry]
   670 | D:1      | Reached XP level 2. HP: 22/24 MP: 3/3
   859 | D:1      | Reached skill level 3 in Short Blades
  1072 | D:1      | Reached XP level 3. HP: 21/29 MP: 4/4
  2156 | D:2      | Found a faded altar of an unknown god.
  2696 | D:3      | Found a hide-covered altar of Uskayaw.
  2792 | D:3      | Gained mutation: Spells you cast may paralyse adjacent
                  | enemies. [demonic ancestry]
  2792 | D:3      | Reached XP level 4. HP: 34/35 MP: 5/5
  2806 | D:3      | Reached skill level 4 in Short Blades
  3000 | D:3      | Reached ** piety under Lugonu
  3135 | D:3      | Found an opulent altar of Gozag.
  3861 | D:4      | Found a broken altar of Ashenzari.
  4065 | D:4      | Noticed Natasha
  4073 | D:4      | Killed Natasha
  4074 | D:4      | Reached XP level 5. HP: 32/41 MP: 6/6
  4272 | D:4      | Reached skill level 5 in Short Blades
  4394 | D:4      | Found an ancient bone altar of Kikubaaqudgha.
  4394 | D:4      | Found an iron altar of Okawaru.
  4397 | D:4      | Noticed a black bear
  4408 | D:4      | Noticed a phantom
  4410 | D:4      | Noticed an ogre
  4415 | D:4      | Noticed a black bear
  4473 | D:4      | Killed a phantom
  4474 | D:4      | Reached XP level 6. HP: 44/47 MP: 7/7
  4479 | D:4      | Reached skill level 6 in Short Blades
  4878 | D:4      | Noticed Natasha
  4960 | D:3      | HP: 1/47 [black bear (2)]
  4963 | D:3      | Reached skill level 7 in Short Blades
  4963 | D:3      | Gained mutation: Your demonic aura sometimes causes spilled
                  | blood to erupt in flames [demonic ancestry]
  4963 | D:3      | Reached XP level 7. HP: 2/52 MP: 8/8
  5281 | D:4      | Killed Natasha
  5436 | D:4      | Noticed Robin
  5471 | D:4      | Gained mutation: You possess an exceptional clarity of
                  | mind. [potion of mutation]
  5471 | D:4      | Gained mutation: You are resistant to electric shocks.
                  | (rElec) [potion of mutation]
  5477 | D:4      | Noticed Natasha
  5502 | D:4      | HP: 1/52 [Natasha (2)]
  5505 | D:4      | Killed Natasha
  5505 | D:4      | Shot with a stone by a goblin

Illustrated notes

Levels and vault maps discovered:
D:1:      dpeg_arrival_lava_temple_mockup, layout_loops_ring
D:2:      layout_basic, basic_ecumenical_altar
D:3:      layout_loops_cross, amcnicky_altar_gilded, nicolae_uskayaw_suspiria
D:4:      layout_loops_cross, overflow_temple_1_default, jmf_multi_god_temple,
          lemuel_temple_firewalk_b, st_stairs_6, kennysheep_nub, minivault_27,
          minmay_misc_feat_tiny, uniq_robin, uniq_natasha

Skill      XL: |  1  2  3  4  5  6 |
---------------+-------------------+-----
Short Blades   | 2 3 4 5 7 |  7.4
Fighting       | |  3.0
Armour         | |  1.7
Dodging        | |  0.8
Invocations    | |  2.4

Action                   |  1- 3 |  4- 6 |  7- 9 || total
-------------------------+-------+-------+-------++-------
Melee: Short sword       |   131 |   181 |    48 ||   360
       Unarmed           |       |    31 |       ||    31
Invok: Depart the Abyss  |     1 |       |       ||     1
  Use: Potion            |       |     3 |     6 ||     9
 Stab: Sleeping          |     1 |       |       ||     1
Armor: Leather armour    |    21 |       |       ||    21
       Ring mail         |    15 |    89 |    13 ||   117
       Skin              |       |    20 |       ||    20
Dodge: Dodged            |    78 |   177 |    22 ||   277

Table legend: (Time is in decaauts)
 A = Elapsed time spent in this place.
 B = Non-inter-level travel time spent in this place.
 C = Inter-level travel time spent in this place.
 D = Time resting spent in this place.
 E = Time spent auto-exploring this place.
 F = Levels seen in this place.
 G = Mean time per level.
                   A        B        C        D        E       F      G
               +--------+--------+--------+--------+--------+-----+--------+
         Total |   5461 |   5298 |    163 |      0 |   4407 |   5 | 1092.2 |
       Dungeon |   5220 |   5057 |    163 |      0 |   4198 |   4 | 1305.0 |
         Abyss |    241 |    241 |      0 |      0 |    209 |   1 |  241.0 |
               +--------+--------+--------+--------+--------+-----+--------+

Top non-repeatable levels by time:
     D:3: 1568 daAuts
     D:1: 1362 daAuts
     D:4: 1291 daAuts
     D:2: 998 daAuts
 Abyss:1: 241 daAuts
